 Dungeon Crawl Stone Soup version 0.24.0-35-gdb84b6a5db (webtiles) character file.

Game seed: 9730265918922292880, levelgen mode: deterministic

13231 FishyPogo the Thaumaturge (level 12, -3/89 HPs)
             Began as a Gnoll Fire Elementalist on Nov 17, 2019.
             Was a High Priest of Nemelex Xobeh.
             Slain by a mana viper (13 damage)
             ... on level 1 of the Lair of Beasts on Nov 18, 2019.
             The game lasted 01:07:05 (12507 turns).

FishyPogo the Thaumaturge (GnFE)                   Turns: 12507, Time: 01:07:07

Health: -3/89      AC: 12    Str: 13    XL:     12   Next: 3%
Magic:  0/24       EV: 13    Int: 23    God:    Nemelex Xobeh [*****.]
Gold:   765        SH:  4    Dex: 18    Spells: 3/28 levels left

rFire    . . .     SeeInvis .   a - +7 mace of Variability {chain chaos}
rCold    + . .     Gourm    .   (shield currently unavailable)
rNeg     . . .     Faith    .   z - +2 ring mail {rC+}
rPois    +         Spirit   .   (no helmet)
rElec    .         Reflect  +   (no cloak)
rCorr    .         Harm     .   R - +1 pair of gloves
MR       .....                  Y - +0 pair of boots
Stlth    +++.......             T - +4 amulet of reflection
HPRegen  0.24/turn              s - ring of wizardry
MPRegen  0.19/turn              t - ring of poison resistance

@: brilliant, constricted
A: distributed training, fangs 1, strong nose
a: Draw Escape, Draw Destruction, Draw Summoning, Triple Draw, Deal Four, Stack
Five, Renounce Religion


You were on level 1 of the Lair of Beasts.
You worshipped Nemelex Xobeh.
Nemelex Xobeh was extremely pleased with you.
You were hungry.

You visited 3 branches of the dungeon, and saw 15 of its levels.
You also visited: Sewer.

You collected 919 gold pieces.
You spent 154 gold pieces at shops.

Inventory:

Hand Weapons
 a - the +7 mace of Variability (weapon) {chain chaos}
   (You found it on level 8 of the Dungeon)

   Each time it hits an enemy it has a different, random effect.
 b - a +2 dagger of protection
Missiles
 g - 276 stones (quivered)
 k - 22 boomerangs
 o - 30 poisoned darts
 O - 2 throwing nets
 Q - 14 javelins
Armour
 z - a +2 ring mail of cold resistance (worn)
 R - a +1 pair of gloves (worn)
 W - a +3 chain mail of fire resistance
 Y - a +0 pair of boots (worn)
Jewellery
 s - a ring of wizardry (left hand)
 t - a ring of poison resistance (right hand)
 G - an uncursed ring of fire
 M - an uncursed ring of see invisible
 T - a +4 amulet of reflection (around neck)
 X - an uncursed ring of protection from cold
Wands
 l - a wand of flame (18)
 D - a wand of scattershot (4)
 F - a wand of digging (4)
 K - a wand of clouds (6)
 L - a wand of iceblast (21)
 S - a wand of acid (10)
Scrolls
 e - 4 scrolls of immolation
 f - 5 scrolls of magic mapping
 i - 6 scrolls of remove curse {unknown}
 q - 3 scrolls of fog {unknown}
 v - 2 scrolls of amnesia {unknown}
 w - 8 scrolls of identify
 y - 3 scrolls of enchant armour {unknown}
 B - 9 scrolls of teleportation
 I - a scroll of fear {unknown}
 J - a scroll of enchant weapon {unknown}
 N - a scroll of blinking {unknown}
Potions
 d - 10 potions of curing
 h - 5 potions of heal wounds
 j - a potion of brilliance
 m - 3 potions of might
 n - 3 potions of agility
 p - a potion of lignification
 r - 3 potions of resistance
 u - a potion of berserk rage
 x - 5 potions of flight
 A - a potion of magic
 C - a potion of mutation
 H - 3 potions of haste
Comestibles
 c - 24 rations


   Skills:
 + Level 6.7 Fighting
 + Level 6.7 Short Blades
 + Level 6.7 Long Blades
 + Level 6.7 Axes
 + Level 6.7 Maces & Flails
 + Level 6.7 Polearms
 + Level 6.7 Staves
 + Level 6.7 Slings
 + Level 6.7 Bows
 + Level 6.7 Crossbows
 + Level 6.7 Throwing
 + Level 6.7 Armour
 + Level 8.2 Dodging
 + Level 8.0 Stealth
 + Level 6.7 Shields
 + Level 6.7 Unarmed Combat
 + Level 8.5 Spellcasting
 + Level 6.0 Conjurations
 + Level 5.6 Hexes
 + Level 5.6 Charms
 + Level 5.6 Summonings
 + Level 5.6 Necromancy
 + Level 5.6 Translocations
 + Level 5.6 Transmutations
 + Level 7.9 Fire Magic
 + Level 5.6 Ice Magic
 + Level 5.6 Air Magic
 + Level 5.6 Earth Magic
 + Level 5.6 Poison Magic
 + Level 7.4 Invocations
 + Level 6.7 Evocations


You had 3 spell levels left.
You knew the following spells:

 Your Spells              Type           Power        Failure   Level  Hunger
a - Flame Tongue          Conj/Fire      #####        1%          1    None
b - Throw Flame           Conj/Fire      ######       1%          2    None
c - Sticky Flame          Conj/Fire      ######..     1%          4    ##.....
j - Conjure Flame         Conj/Fire      ######..     1%          3    None
k - Inner Flame           Hex/Fire       ######..     1%          3    None
l - Fireball              Conj/Fire      ######....   2%          5    #####..
n - Olgreb's Toxic Radia  Pois           #####...     1%          4    ##.....
u - Mephitic Cloud        Conj/Pois/Air  ######..     1%          3    None

Your spell library contained the following spells:

 Spells                   Type           Power        Failure   Level  Hunger
 Sting                    Conj/Pois      ####         1%          1    None
 Poisonous Vapours        Pois/Air       #####.       1%          2    None
 Venom Bolt               Conj/Pois      ######....   4%          5    #####..


Dungeon Overview and Level Annotations

Branches:
Dungeon (12/15)            Temple (1/1) D:5            Lair (2/6) D:9
    Orc (0/2) D:9           Sewer (visited)
  Swamp: Lair:2-4    Shoals: Lair:2-4     Snake: Lair:2-4    Spider: Lair:2-4

Altars:
Ashenzari
Cheibriados
Dithmenos
Elyvilon
Fedhas
Gozag
Hepliaklqana
Kikubaaqudgha
Makhleb
Nemelex Xobeh
Okawaru
Qazlal
Ru
Sif Muna
Trog
Uskayaw
Vehumet
Wu Jian
Xom
Yredelemnul
Zin
The Shining One

Shops:
D:4 [   D:7 }   D:9 [

Annotations:
D:12 Nergalle


Innate Abilities, Weirdness & Mutations

Your experience applies equally to all skills.
You have very sharp teeth.
Your uncanny sense of smell can sniff out nearby items.


Message History

The mana viper seems to return to its normal shape.
The mana viper barely misses you. The naga hits you but does no damage.
The naga constricts you. The mana viper bites you.
You feel your power leaking away.
You barely miss the mana viper.
The mana viper is severely wounded.
The mana viper closely misses you. The naga hits you! The naga constricts you.
The mana viper bites you but does no damage.
You bump into the rock wall.
The naga spits poison at you.
The splash of poison hits you but does no damage.
You resist. The naga constricts you. The mana viper bites you!
* * * LOW HITPOINT WARNING * * *
You feel better. The mana viper bites you!
* * * LOW HITPOINT WARNING * * *
The naga closely misses you.
* * * LOW HITPOINT WARNING * * *
The naga constricts you. The mana viper bites you!
You die...
Your body glows with a rainbow of weird colours and disappears.

####.### #########P#.###
####..#...#####..>..........#
.....^..........###########.#
......P...###.#############.####
#.##..##.P# #.####.#.#..##..##.##
#.###.##.####..##................
#.# #.##.###.^......##.####.#.#P(
#.###..#...#..##SN..######...###.
#.P##.#........†@....# ##...## #.
#.##..........#####..# #P.### ##
#.##.....####.#####.## ##..# #
#.##..............#.####..#######
#........(#≈≈≈≈#P...#............
..............≈...#...###.#.####.
#..........≈≈≈≈...##.###P.### ##.
#.......#.######..#### ##.# #..
#..#...##.# #..#######.# ##.


You could see a mana viper and a naga.

Vanquished Creatures
  Erolcha (D:9)
  Harold (D:7)
  Pikel (D:9)
  A harpy (D:11)
  A deep elf mage (D:10)
  3 spiny frogs (Lair:1)
  A centaur skeleton (D:10)
  Psyche (D:8)
  A komodo dragon (D:9)
  A hornet (D:9)
  4 trolls
  A polar bear (D:11)
  A blink frog (D:11)
  Prince Ribbit (D:9)
  A hippogriff (D:11)
  A hungry ghost (D:7)
  Grum (D:9)
  2 chaos spawn
  3 acid dragons
  A swamp drake (Lair:1)
  6 orc warriors
  A porcupine (Lair:1)
  A water moccasin (D:9)
  4 phantoms
  2 sky beasts (D:7)
  4 ice beasts
  An eye of draining (shapeshifter) (D:10)
  A black bear (D:8)
  4 ogres
  A necrophage (D:10)
  4 slaves (D:9)
  4 centaurs
  An eye of draining (D:9)
  3 wolves (D:9)
  2 crocodiles (Lair:1)
  A big kobold (D:7)
  2 bullfrogs
  2 water moccasin zombies
  A wyvern skeleton (D:6)
  7 wights (D:9)
  2 howler monkeys
  2 bullfrog zombies
  2 crimson imps
  6 hounds
  3 bullfrog skeletons
  11 orc priests
  3 jellies
  3 iguanas
  Natasha (thrice) (D:2)
  12 orc wizards
  Ijyb (D:4)
  6 worker ants
  A hound zombie (D:6)
  A hound skeleton (D:8)
  7 gnolls
  2 howler monkey zombies (D:6)
  5 worker ant zombies
  5 river rats
  17 adders
  2 shadow imps
  2 oozes (D:5)
  2 adder zombies
  2 adder skeletons
  A worm (D:3)
  A dart slug (D:1)
  4 leopard geckos
  60 orcs
  5 ball pythons
  3 giant cockroaches
  7 goblins
  9 hobgoblins
  5 jackals
  30 kobolds
  2 quokkas
  9 bats
  5 frilled lizards
  2 jackal zombies (D:6)
  A leopard gecko skeleton (D:7)
  A leopard gecko zombie (D:6)
  2 quokka skeletons
  25 rats
  8 plants (D:9)
360 creatures vanquished.

Vanquished Creatures (others)
  A sky beast (D:9)
  A wolf (D:9)
  A centaur (D:9)
  A ball lightning (D:9)
  A fungus (Lair:1)
  2 plants (D:9)
7 creatures vanquished.

Grand Total: 367 creatures vanquished

Notes
Turn   | Place    | Note
-------+----------+-------------------------------------------
     0 | D:1      | FishyPogo the Gnoll Fire Elementalist began the quest for
                  | the Orb.
     0 | D:1      | Reached XP level 1. HP: 13/13 MP: 6/6
   285 | D:1      | Reached XP level 2. HP: 13/19 MP: 5/7
   541 | D:1      | Learned a level 2 spell: Throw Flame
   879 | D:2      | Reached XP level 3. HP: 23/25 MP: 2/9
   906 | D:2      | Reached skill level 5 in Spellcasting
   988 | D:2      | Learned a level 3 spell: Conjure Flame
   992 | D:2      | Learned a level 3 spell: Inner Flame
  1034 | D:2      | Reached skill level 1 in Invocations
  1209 | D:2      | Found a faded altar of an unknown god.
  1216 | D:2      | Became a worshipper of Nemelex Xobeh the Trickster
  1216 | D:2      | Received a gift from Nemelex Xobeh
  1216 | D:2      | Reached * piety under Nemelex Xobeh
  1216 | D:2      | Received a gift from Nemelex Xobeh
  1423 | D:2      | Noticed Natasha
  1428 | D:2      | Killed Natasha
  1428 | D:2      | Reached skill level 1 in Fighting
  1428 | D:2      | Reached skill level 1 in Short Blades
  1428 | D:2      | Reached skill level 1 in Long Blades
  1428 | D:2      | Reached skill level 1 in Axes
  1428 | D:2      | Reached skill level 1 in Maces & Flails
  1428 | D:2      | Reached skill level 1 in Polearms
  1428 | D:2      | Reached skill level 1 in Staves
  1428 | D:2      | Reached skill level 1 in Slings
  1428 | D:2      | Reached skill level 1 in Bows
  1428 | D:2      | Reached skill level 1 in Crossbows
  1428 | D:2      | Reached skill level 1 in Throwing
  1428 | D:2      | Reached skill level 1 in Armour
  1428 | D:2      | Reached skill level 1 in Shields
  1428 | D:2      | Reached skill level 1 in Unarmed Combat
  1428 | D:2      | Reached skill level 1 in Evocations
  1428 | D:2      | Reached XP level 4. HP: 26/32 MP: 4/11
  1740 | D:2      | Noticed Natasha
  1749 | D:2      | Killed Natasha
  1749 | D:2      | Reached skill level 1 in Hexes
  1749 | D:2      | Reached skill level 1 in Charms
  1749 | D:2      | Reached skill level 1 in Summonings
  1749 | D:2      | Reached skill level 1 in Necromancy
  1749 | D:2      | Reached skill level 1 in Translocations
  1749 | D:2      | Reached skill level 1 in Transmutations
  1749 | D:2      | Reached skill level 1 in Ice Magic
  1749 | D:2      | Reached skill level 1 in Air Magic
  1749 | D:2      | Reached skill level 1 in Earth Magic
  1749 | D:2      | Reached skill level 1 in Poison Magic
  1848 | D:2      | Noticed Natasha
  1857 | D:2      | Killed Natasha
  1857 | D:2      | Reached XP level 5. HP: 30/37 MP: 8/12
  2080 | D:3      | Found a glowing drain.
  2167 | D:3      | Received a gift from Nemelex Xobeh
  2175 | Sewer    | Entered a sewer
  2175 | Sewer    | Reached ** piety under Nemelex Xobeh
  2274 | Sewer    | Reached XP level 6. HP: 10/44 MP: 1/13
  3019 | D:3      | Learned a level 4 spell: Sticky Flame
  3248 | D:3      | Reached skill level 5 in Dodging
  3309 | D:4      | Noticed a phantom
  3317 | D:4      | Noticed Ijyb
  3502 | D:4      | Found Mir Ykka's Antique Armour Shop.
  3765 | D:4      | Bought a glowing ring mail for 154 gold pieces
  3930 | D:4      | Killed Ijyb
  3969 | D:4      | Killed a phantom
  3969 | D:4      | Reached XP level 7. HP: 50/50 MP: 1/15
  4034 | D:4      | Received a gift from Nemelex Xobeh
  4320 | D:5      | Entered Level 5 of the Dungeon
  4352 | D:5      | Found a staircase to the Ecumenical Temple.
  4385 | Temple   | Entered the Ecumenical Temple
  4613 | D:5      | Found a shimmering altar of Xom.
  4888 | D:5      | Found a radiant altar of Vehumet.
  4921 | D:5      | Reached skill level 5 in Stealth
  5187 | D:6      | Reached *** piety under Nemelex Xobeh
  5320 | D:6      | Reached XP level 8. HP: 55/57 MP: 7/16
  5417 | D:6      | Received a gift from Nemelex Xobeh
  5813 | D:6      | Found a sacrificial altar of Ru.
  5813 | D:6      | Found a shattered altar of Ashenzari.
  5813 | D:6      | Found a hide-covered altar of Uskayaw.
  5813 | D:6      | Found a stormy altar of Qazlal.
  5820 | D:6      | Found an iron altar of Okawaru.
  5822 | D:6      | Found a shadowy altar of Dithmenos.
  6125 | D:7      | Reached XP level 9. HP: 64/65 MP: 3/18
  6292 | D:7      | Received a gift from Nemelex Xobeh
  6374 | D:7      | Learned a level 5 spell: Fireball
  6696 | D:7      | Noticed Harold
  6708 | D:7      | Killed Harold
  6708 | D:7      | Reached skill level 5 in Invocations
  6740 | D:7      | Found Epuch's Gadget Boutique.
  7048 | D:7      | Reached XP level 10. HP: 68/73 MP: 4/20
  7089 | D:7      | Received a gift from Nemelex Xobeh
  7119 | D:7      | Reached **** piety under Nemelex Xobeh
  7590 | D:8      | Found a shimmering altar of Xom.
  7591 | D:8      | Found the +7 mace of Variability {chain chaos}
  7685 | D:8      | Reached skill level 5 in Fighting
  7685 | D:8      | Reached skill level 5 in Short Blades
  7685 | D:8      | Reached skill level 5 in Long Blades
  7685 | D:8      | Reached skill level 5 in Axes
  7685 | D:8      | Reached skill level 5 in Maces & Flails
  7685 | D:8      | Reached skill level 5 in Polearms
  7685 | D:8      | Reached skill level 5 in Staves
  7685 | D:8      | Reached skill level 5 in Slings
  7685 | D:8      | Reached skill level 5 in Bows
  7685 | D:8      | Reached skill level 5 in Crossbows
  7685 | D:8      | Reached skill level 5 in Throwing
  7685 | D:8      | Reached skill level 5 in Armour
  7685 | D:8      | Reached skill level 5 in Shields
  7685 | D:8      | Reached skill level 5 in Unarmed Combat
  7685 | D:8      | Reached skill level 5 in Evocations
  7711 | D:8      | Noticed Psyche
  7791 | D:8      | Killed Psyche
  8037 | D:8      | Received a gift from Nemelex Xobeh
  8171 | D:8      | Learned a level 3 spell: Mephitic Cloud
  8313 | D:9      | Found a staircase to the Lair.
  8397 | D:9      | Found a burning altar of Makhleb.
  8512 | D:9      | Noticed Prince Ribbit
  8519 | D:9      | Noticed Erolcha
  8520 | D:9      | Killed Prince Ribbit
  8520 | D:9      | Reached skill level 5 in Conjurations
  8521 | D:9      | Killed Erolcha
  8564 | D:9      | Noticed Pikel
  8814 | D:9      | Killed Pikel
  8814 | D:9      | Reached XP level 11. HP: 20/81 MP: 22/22
  8866 | D:9      | Received a gift from Nemelex Xobeh
  8869 | D:9      | Found Wokhlan's Armour Emporium.
  8941 | D:9      | Reached ***** piety under Nemelex Xobeh
  9131 | D:9      | Learned a level 4 spell: Olgreb's Toxic Radiance
  9229 | D:9      | Found a staircase to the Orcish Mines.
  9261 | D:9      | Noticed Grum
  9274 | D:9      | Killed Grum
  9645 | D:10     | Entered Level 10 of the Dungeon
  9648 | D:10     | Reached skill level 5 in Hexes
  9648 | D:10     | Reached skill level 5 in Charms
  9648 | D:10     | Reached skill level 5 in Summonings
  9648 | D:10     | Reached skill level 5 in Necromancy
  9648 | D:10     | Reached skill level 5 in Translocations
  9648 | D:10     | Reached skill level 5 in Transmutations
  9648 | D:10     | Reached skill level 5 in Ice Magic
  9648 | D:10     | Reached skill level 5 in Air Magic
  9648 | D:10     | Reached skill level 5 in Earth Magic
  9648 | D:10     | Reached skill level 5 in Poison Magic
 10099 | D:10     | Received a gift from Nemelex Xobeh
 10363 | D:10     | Found a snail-covered altar of Cheibriados.
 10364 | D:10     | Noticed a deep elf mage
 10371 | D:10     | Killed a deep elf mage
 10541 | D:10     | Got a distressingly furry large shield
 10750 | D:11     | Identified the +7 large shield "Dyceti" {MR- Str+10} (You
                  | found it on level 10 of the Dungeon)
 11113 | D:11     | Received a gift from Nemelex Xobeh
 11159 | D:11     | Noticed a harpy
 11159 | D:11     | a yak changed into a harpy
 11170 | D:11     | Killed a harpy
 11676 | D:12     | Noticed Nergalle
 11696 | D:12     | Received a gift from Nemelex Xobeh
 11769 | Lair:1   | Entered Level 1 of the Lair of Beasts
 12319 | Lair:1   | Reached XP level 12. HP: 84/89 MP: 16/24
 12330 | Lair:1   | Received a gift from Nemelex Xobeh
 12507 | Lair:1   | Slain by a mana viper

Levels and vault maps discovered:
D:1:      evilmike_arrival_crescent, layout_loops_corners
D:2:      minmay_evil_eye, layout_loops_ring,
          chequers_ecumenical_altar_simple_redux, kennysheep_pointless_box,
          minmay_vboxes, uniq_natasha
D:3:      layout_basic, cheibrodos_sewer_entry_sluice, first_ration, st_stairs_1
D:4:      layout_layer_cave, serial_shops, shop, uniq_ijyb
D:5:      layout_loops_ring, nicolae_overflow_crystal_walls,
          kennysheep_little_box, minmay_temple_entry_enclosed_plants,
          nrook_mini_backslash, minmay_misc_feat_four_crosses
D:6:      layout_loops_ring, minmay_overflow_temple_hex, serial_undead,
          serial_undead_c, serial_undead_b, serial_undead_b, serial_undead_e
D:7:      minmay_thinvault, layout_gridville, serial_shops, shop, uniq_harold
D:8:      layout_basic, minmay_guarded_unrand_variability, uniq_psyche
D:9:      layout_stronghold, lemuel_round_altar, david_lair_shrubbed,
          hiddenorc1_lemuel, serial_shops, nicolae_shop_trees,
          uniq_prince_ribbit1, uniq_erolcha, uniq_pikel, uniq_grum
D:10:     minmay_wavy_crystal, layout_basic, david_defended_altar_elf
D:11:     layout_long_grid
D:12:     layout_gridville, serial_shops,
          nicolae_shop_temple_entry_statues_fountains, uniq_urug, uniq_nergalle
Temple:   nicolae_temple_god_jail
Lair:1:   layout_loops_ring, chequers_serial_rivers_micro_d, wad_woods_road_03
Lair:2:   layout_hall_layers, hibernation_bobbens

Skill      XL: |  1  2  3  4  5  6  7  8  9 10 11 |
---------------+----------------------------------+-----
Conjurations   | 2 3 4 5 6 |  6.0
Spellcasting   | 5 6 7 8 |  8.5
Invocations    | 1 2 3 4 5 6 7 |  7.4
Fighting       | 1 2 3 4 5 6 |  6.7
Short Blades   | 1 2 3 4 5 6 |  6.7
Long Blades    | 1 2 3 4 5 6 |  6.7
Axes           | 1 2 3 4 5 6 |  6.7
Maces & Flails | 1 2 3 4 5 6 |  6.7
Polearms       | 1 2 3 4 5 6 |  6.7
Staves         | 1 2 3 4 5 6 |  6.7
Slings         | 1 2 3 4 5 6 |  6.7
Bows           | 1 2 3 4 5 6 |  6.7
Crossbows      | 1 2 3 4 5 6 |  6.7
Throwing       | 1 2 3 4 5 6 |  6.7
Armour         | 1 2 3 4 5 6 |  6.7
Shields        | 1 2 3 4 5 6 |  6.7
Unarmed Combat | 1 2 3 4 5 6 |  6.7
Evocations     | 1 2 3 4 5 6 |  6.7
Hexes          | 1 2 3 4 5 |  5.6
Charms         | 1 2 3 4 5 |  5.6
Summonings     | 1 2 3 4 5 |  5.6
Necromancy     | 1 2 3 4 5 |  5.6
Translocations | 1 2 3 4 5 |  5.6
Transmutations | 1 2 3 4 5 |  5.6
Ice Magic      | 1 2 3 4 5 |  5.6
Air Magic      | 1 2 3 4 5 |  5.6
Earth Magic    | 1 2 3 4 5 |  5.6
Poison Magic   | 1 2 3 4 5 |  5.6
Dodging        | 5 6 7 8 |  8.2
Stealth        | 5 6 7 8 |  8.0
Fire Magic     | 6 7 |  7.9

Action                   |  1- 3 |  4- 6 |  7- 9 | 10-12 || total
-------------------------+-------+-------+-------+-------++-------
Melee: Unarmed           |     1 |       |       |       ||     1
       Short sword       |    27 |    83 |       |       ||   110
       Bite              |     2 |    11 |    42 |    26 ||    81
       Punch             |       |     1 |     4 |     1 ||     6
       Dagger            |       |    32 |   343 |    25 ||   400
       Great mace        |       |       |       |   273 ||   273
Throw: Dart              |       |       |     5 |    15 ||    20
       Boomerang         |       |       |       |     8 ||     8
       Javelin           |       |       |       |    10 ||    10
       Stone             |       |       |       |     2 ||     2
 Cast: Flame Tongue      |    31 |   105 |    99 |    84 ||   319
       Throw Flame       |     8 |    25 |    20 |    39 ||    92
       Conjure Flame     |       |     2 |     1 |     4 ||     7
       Inner Flame       |       |     2 |       |       ||     2
       Sticky Flame      |       |       |     8 |     9 ||    17
       Fireball          |       |       |     1 |     5 ||     6
       Mephitic Cloud    |       |       |       |     2 ||     2
       Olgreb's Toxic Ra |       |       |       |     3 ||     3
 Abil: Draw Escape       |       |     2 |       |     1 ||     3
       Draw Destruction  |       |     3 |     2 |     8 ||    13
  Use: Scroll            |       |     4 |       |     8 ||    12
       Potion            |       |     3 |       |     5 ||     8
 Stab: Sleeping          |     5 |     1 |     7 |     8 ||    21
       Distracted        |       |       |       |     1 ||     1
       Paralysed         |       |       |       |     3 ||     3
       Confused          |       |       |       |     1 ||     1
  Eat: Chunk             |     2 |     8 |    14 |    17 ||    41
       Ration            |       |       |       |     1 ||     1
Armor: Robe              |     1 |    15 |       |       ||    16
       Ring mail         |       |     5 |    95 |   116 ||   216
       Chain mail        |       |       |       |    12 ||    12
Dodge: Dodged            |    33 |   125 |   235 |   297 ||   690
Block: Other             |       |       |    64 |    53 ||   117
       Reflection        |       |       |     1 |     5 ||     6
